 Dungeon Crawl Stone Soup version 0.24-a0-521-g122614bf49 (webtiles) character file.

Game seed: 2632339070695624566

261 Mithandil the Conjurer (level 5, -3/28 HPs)
             Began as a Deep Elf Conjurer on July 29, 2019.
             Slain by a worm (7 damage)
             ... on level 3 of the Dungeon.
             The game lasted 00:17:15 (2846 turns).

Mithandil the Conjurer (Deep Elf Conjurer)          Turns: 2846, Time: 00:17:16

Health: -3/28      AC:  5    Str:  6    XL:     5   Next: 96%
Magic:  1/14       EV: 14    Int: 20    God:
Gold:   122        SH:  0    Dex: 15    Spells: 3/14 levels left

rFire    . . .     SeeInvis .   a - +0 short sword
rCold    . . .     Gourm    .   (no shield)
rNeg     . . .     Faith    .   d - +0 robe
rPois    +         Spirit   .   (no helmet)
rElec    .         Reflect  .   s - +2 cloak {rPois}
rCorr    .         Harm     .   (no gloves)
MR       .....                  (no boots)
Stlth    +++.......             (no amulet)
HPRegen  0.09/turn              (no ring)
MPRegen  0.14/turn              (no ring)

@: no status effects
A: no striking features
a: no special abilities


You were on level 3 of the Dungeon.
You were not hungry.

You visited 1 branch of the dungeon, and saw 4 of its levels.

You collected 122 gold pieces.

Inventory:

Hand Weapons
 a - a +0 short sword (weapon)
 g - a +0 dagger
 r - a +1 war axe of electrocution
Missiles
 k - 20 arrows
 q - 16 poisoned darts (quivered)
Armour
 d - a +0 robe (worn)
 s - a +2 cloak of poison resistance (worn)
Scrolls
 e - 4 scrolls of identify {unknown}
 f - a scroll of magic mapping {unknown}
 i - a scroll of fog {unknown}
 l - a scroll of teleportation {unknown}
 m - 2 scrolls of enchant weapon {unknown}
 p - a scroll of noise {unknown}
Potions
 b - a potion of haste {unknown}
 h - 2 potions of lignification {unknown}
 n - a potion of resistance {unknown}
 o - 2 potions of invisibility {unknown}
 t - a potion of curing {unknown}
Comestibles
 c - 6 rations
 j - a chunk of flesh


   Skills:
 + Level 3.6 Dodging
 + Level 3.9 Stealth
 * Level 5.3 Spellcasting
 * Level 5.7 Conjurations
 + Level 1.3 Translocations


You had 3 spell levels left.
You knew the following spells:

 Your Spells              Type           Power        Failure   Level  Hunger
a - Magic Dart            Conj           ####         1%          1    None
b - Searing Ray           Conj           ####..       1%          2    None
c - Force Lance           Conj/Tloc      ###.....     26%         4    ####...
d - Iskenderun's Mystic   Conj           ####....     11%         4    ####...

Your spell library contained the following spells:

 Spells                   Type           Power        Failure   Level  Hunger
 Dazzling Spray           Conj/Hex       ###...       11%         3    ##.....
 Fulminant Prism          Conj/Hex       ###.......   34%         4    ####...


Dungeon Overview and Level Annotations

Branches:
Dungeon (4/15)
 Temple: D:4-7

Altars:
Nemelex Xobeh

Annotations:
D:2 Natasha


Message History

a +0 ring mail; a +0 dagger; a cursed +0 robe; an orc corpse You hit the worm but do no damage.
The orc wizard closely misses you. The worm bites you!
* * * LOW HITPOINT WARNING * * *
You closely miss the orc wizard.
The orc wizard casts a spell.
The orc wizard seems to speed up.
The worm bites you.
* * * LOW HITPOINT WARNING * * *
You barely miss the orc wizard. The orc wizard barely misses you.
The orc wizard hits you but does no damage.
You hit the orc wizard.
The orc wizard is lightly wounded.
The orc wizard hits you with a +0 dagger.
* * * LOW HITPOINT WARNING * * *
The worm misses you.
You barely miss the orc wizard.
The orc wizard is lightly wounded.
The orc wizard hits you but does no damage. x2
The worm bites you!
You die...

......+......<....
#....##########.. #....#
#......
#....######......
#................
#....#####....#'# #....#
#.####.# #.######)...###
#.####.# .......@).....#
#.##....
?.....o#w...#..##.#....#
......................>.
.......#................
.......########.#.##.#..
....... #.#.......
....... #.#..#.#.#
###############'#.)#....
#..........)>#.#.#


You could see a worm and an orc wizard.

Vanquished Creatures
  A crimson imp (D:2)
  An orc wizard (D:3)
  Natasha (twice) (D:2)
  4 gnolls (D:3)
  2 adders
  An ooze (D:1)
  4 worms
  2 dart slugs
  7 orcs (D:3)
  A ball python (D:3)
  8 bats
  2 giant cockroaches
  6 goblins
  9 hobgoblins
  6 jackals
  2 quokkas (D:2)
  5 frilled lizards
  6 kobolds
  2 rats (D:2)
71 creatures vanquished.

Notes
Turn   | Place    | Note
-------+----------+-------------------------------------------
     0 | D:1      | Mithandil the Deep Elf Conjurer began the quest for the
                  | Orb.
     0 | D:1      | Reached XP level 1. HP: 10/10 MP: 6/6
   133 | D:1      | Reached XP level 2. HP: 15/15 MP: 1/8
   137 | D:1      | Learned a level 2 spell: Searing Ray
   307 | D:1      | You fall into a shaft and drop 1 floor!
   316 | D:2      | Noticed Natasha
   319 | D:2      | Killed Natasha
   319 | D:2      | Reached XP level 3. HP: 11/19 MP: 2/10
  1255 | D:2      | Reached skill level 5 in Conjurations
  1261 | D:2      | Reached XP level 4. HP: 24/24 MP: 7/12
  1577 | D:2      | Learned a level 4 spell: Force Lance
  1582 | D:2      | Learned a level 4 spell: Iskenderun's Mystic Blast
  1701 | D:2      | Found a faded altar of an unknown god.
  1748 | D:2      | Became a worshipper of Nemelex Xobeh the Trickster
  1748 | D:2      | Received a gift from Nemelex Xobeh
  1748 | D:2      | Reached * piety under Nemelex Xobeh
  1748 | D:2      | Received a gift from Nemelex Xobeh
  1766 | D:3      | Reached XP level 5. HP: 28/28 MP: 7/14
  1825 | D:2      | Noticed Natasha
  1833 | D:2      | Killed Natasha
  1908 | D:2      | Fell from the grace of Nemelex Xobeh
  1931 | D:2      | Noticed Natasha
  2408 | D:3      | Reached skill level 5 in Spellcasting
  2602 | D:3      | Reached skill level 1 in Translocations
  2846 | D:3      | Slain by a worm

Levels and vault maps discovered:
D:1:      kennysheep_arrival_forest, layout_basic, minmay_stone_trees_medium
D:2:      layout_loops_ring, chequers_ecumenical_altar_simple_redux,
          first_ration, uniq_natasha
D:3:      layout_basic
D:4:      layout_basic, lemuel_doored_altar, grunt_temple_overflow_open,
          lemuel_temple_firewalk_b, serial_shops, kennysheep_mini_moat,
          makhleb_heckhound_becter, uniq_eustachio

Skill      XL: |  1  2  3  4  5 |
---------------+----------------+-----
Stealth        | 3 |  3.9
Spellcasting   | 4 5 |  5.3
Dodging        | 3 |  3.6
Conjurations   | 5 |  5.7
Translocations | 1 |  1.3

Action                   |  1- 3 |  4- 6 || total
-------------------------+-------+-------++-------
Melee: Short sword       |     6 |    11 ||    17
 Cast: Magic Dart        |    69 |    80 ||   149
       Searing Ray       |       |     5 ||     5
       Iskenderun's Myst |       |     2 ||     2
Invok: Renounce Religion |       |     1 ||     1
 Abil: Draw Destruction  |       |     5 ||     5
  Use: Scroll            |       |     2 ||     2
  Eat: Chunk             |     1 |     5 ||     6
Armor: Robe              |     4 |     8 ||    12
Dodge: Dodged            |    10 |    22 ||    32

Table legend:
 A = Non-vault XP
 B = Vault XP
 C = Vault XP percentage of total XP
 D = Non-vault monster count
 E = Vault monster count
 F = Vault count percentage of total count
                 A         B        C        D         E       F
            +---------+---------+-------+---------+---------+-------
      Total |     338 |      35 |   9.4 |      70 |       1 |   1.4
            +---------+---------+-------+---------+---------+-------
        D:1 |      42 |       0 |   0.0 |      21 |       0 |   0.0
        D:2 |     131 |      35 |  21.1 |      25 |       1 |   3.8
        D:3 |     165 |       0 |   0.0 |      24 |       0 |   0.0
            +---------+---------+-------+---------+---------+-------
